noty, neutral male scurrid Tourist }}}}}}}}}}}}}}}}}}}}}}}} }}}}}}}}}}}}}}}}.}} .<}}}}}}}}.}}} }}. #.`}}}}}...# .. ..# }.. #..}} ..}}}}}B...n# }}}}B......# #.....`}}}} #}.}}.}n}.}}...}}}}}.# #.}}}}..`.B@}}}}}B# }}}}}}..# #..}}}}}}}}}} #.}}}}}}}}..}n}}}} }}}}}...}}}}} }}}}}}#.}}}}}}}}}}}}}}}}.# }.......}}}}}}..} }}}}}}}}}} }}}}}}}}}}}}}}}}}.}}}. #...} # .}B}}}}}}}}# }}}}.# ?...}}}}}}}}}}}}}}...}} #...}}}}}}}}.# .#.... # ...}}}}}}}}}}}}}.}}}}}} ..}}.}}}}}}}}} . ..... # .}B}}}.# }}}}}}}}}}} }}}}}}}}}}..}}}}n --|- # }}}.).. }}}}}}} }}}}}}}}}}..#.}}}}. }}.}}}}}. }}} }}}}};.}}}}}B}....}}. }}}}..# B}}}}B"...}}}}} }}}}}}}# ...# }.}}}}}}}}.#B.}}}}}}}}}}}} ... }}}}}}B}}}}` }.}}}} }}}}}}}}} }}}}}}}}}}}}} }}}}}}}}}}}}}}}}} noty the Rambler Experience level: 1 Strength: 9 Dexterity: 11 Constitution: 13 Intelligence: 16 Wisdom: 10 Charisma: 16 Health: 0(9) Energy: 2(2) Def: 0 Gold: 786 Moves: 84 Dungeon seed: D1qfPsv2Qic7leOY Game ID: noty_1498606563 Your Inventory: Coins $ - 786 gold pieces Weapons a - 54 uncursed very rusty +2 darts (in quiver) Armor e - an uncursed +0 Hawaiian shirt (being worn) Comestibles b - 2 uncursed tripe rations c - 5 uncursed food rations d - an uncursed fortune cookie f - an uncursed pancake g - an uncursed lembas wafer h - 2 uncursed carrots Scrolls k - a blessed scroll of blank paper l - 3 uncursed scrolls of blank paper Potions i - an uncursed potion of water j - a blessed diluted potion of extra healing Wands o - an uncursed wand of secret door detection (0:11) Tools m - an uncursed expensive camera (0:93) n - an uncursed credit card p - an uncursed oil lamp (0:1175) Spells and supernatural/magical abilities: Name Level Category Fail Memory W - pray for help -- divine ? -- Your skills at the end: Miscellaneous Skills wands [Basic] Weapon Skills dart [Basic] Spellcasting Skills Final Attributes: You were devoutly aligned. You had infravision. You were very stealthy. You are dead. Vanquished creatures: a leprechaun 2 jackals 3 creatures vanquished. Voluntary challenges: You went without food. You did not adorn yourself with jewelry or accessories. You did not cause conflict. You were not invisible. You did not have reflection. You were not displaced. You were an atheist. You never hit with a wielded weapon. You did not use tools. You did not use plumbed fixtures. You did not drink any magical draughts. You were illiterate. You never genocided any monsters. You never polymorphed an object. You never changed form. You used no wishes. You never split a pudding. You never wrote Elbereth's name. You never violated your personal moral code. Dungeon overview: The Dungeons of Doom: levels 1 to 25 Level 1 a long staircase Level 2 Level 3 Level 4 Level 5 Level 6 Level 7 Level 8 Level 9 Level 10 a fountain Level 11 Level 12 Level 13 Level 14 Level 15 Level 16 Level 17 a fountain Level 18 Level 19 Level 20 Level 21 Level 22 Level 23 Level 24 Level 25 <- You were here many trees History has recorded: On T:1 you entered the Dungeons of Doom to retrieve the Amulet of Yendor! On T:26 you reached level 2 of The Dungeons of Doom. On T:28 you reached level 3 of The Dungeons of Doom. On T:31 you reached level 4 of The Dungeons of Doom. On T:33 you reached level 5 of The Dungeons of Doom. On T:35 you reached level 6 of The Dungeons of Doom. On T:37 you reached level 7 of The Dungeons of Doom. On T:40 you reached level 8 of The Dungeons of Doom. On T:42 you reached level 9 of The Dungeons of Doom. On T:44 you reached level 10 of The Dungeons of Doom. On T:48 you reached level 11 of The Dungeons of Doom. On T:50 you reached level 12 of The Dungeons of Doom. On T:52 you reached level 13 of The Dungeons of Doom. On T:57 you reached level 15 of The Dungeons of Doom. On T:59 you reached level 16 of The Dungeons of Doom. On T:59 you entered the Rogue tribute level. On T:61 you reached level 17 of The Dungeons of Doom. On T:64 you reached level 18 of The Dungeons of Doom. On T:66 you reached level 19 of The Dungeons of Doom. On T:70 you reached level 20 of The Dungeons of Doom. On T:72 you reached level 21 of The Dungeons of Doom. On T:74 you reached level 22 of The Dungeons of Doom. On T:76 you reached level 23 of The Dungeons of Doom. On T:79 you reached level 24 of The Dungeons of Doom. On T:81 you reached level 25 of The Dungeons of Doom. Score breakdown: Gold: 351 ( 35 points) Experience: 1 level ( 0 points) Exploration: 25 levels ( 720 points) Discoveries: 3 items ( 150 points) Variety of kills: 2 monsters ( 100 points) Major goal: (nothing yet) ( 0 points) Survival: died (score multiplied by 3) Total score: 3015 Latest messages: You dig a pit in the floor. You continue digging downward. You dig a hole through the floor. You fall through... You start digging downward. You continue digging downward. You dig a pit in the floor. You continue digging downward. As you dig, the hole fills with water! You fall into the water! You sink like a rock. Your darts rust! You try to crawl out of the water. Pheew! That was close. That command is only available in debug mode. You fall into the water! You sink like a rock. Your darts rust further! You try to crawl out of the water. Pheew! That was close. The raven pecks! You die... Final status: Aloha noty the Tourist, killed by a raven... You died in The Dungeons of Doom on dungeon level 25 with 3015 points, and 786 pieces of gold, after 84 moves. You were level 1 with a maximum of 9 hit points when you died.